 Dungeon Crawl Stone Soup version 0.16-a0-2652-gd333f3b (webtiles) character file.

1150 PolkaDot the Caller (level 8, -7/60 HPs)
             Began as a Vampire Summoner on Nov 23, 2014.
             Was an Initiate of Sif Muna.
             Mangled by a troll (12 damage)
             ... on level 6 of the Dungeon.
             The game lasted 00:20:22 (5518 turns).

PolkaDot the Caller (Vampire Summoner)              Turns: 5518, Time: 00:20:24

Health: -7/60      AC: 10    Str:  7    XL:     8   Next: 15%
Magic:  2/13       EV: 12    Int: 22    God:    Sif Muna [......]
Gold:   312        SH:  0    Dex: 15    Spells: 4 memorised, 1 level left

rFire  . . .     SeeInvis +     a - +4 quarterstaff (chaos)
rCold  . . .     Clarity  .     f - +2 robe of Valour {Int+3}
rNeg   . . .     SustAb   .     (no shield)
rPois  .         Gourm    .     (no helmet)
rElec  .         Spirit   .     s - +1 cloak
rCorr  .         Warding  .     o - +1 pair of gloves
rMut   .         Stasis   .     t - +0 pair of boots
MR     .....                    (no amulet)
Stlth  ++........               (no ring)
                                m - +1 ring of dexterity

@: regenerating very quickly, not resistant to hostile enchantments, unstealthy
A: bottle blood, fangs 3, see invisible, unbreathing
a: Renounce Religion


You were on level 6 of the Dungeon.
You worshipped Sif Muna.
Sif Muna was noncommittal.
You were almost alive.

You visited 2 branches of the dungeon, and saw 7 of its levels.
You also visited: Sewer.

You collected 312 gold pieces.

Inventory:

Hand weapons
 a - a +4 quarterstaff of chaos (weapon)
 b - a +1 dagger of venom
Armour
 f - the +2 robe of Valour (worn) {Int+3}
   (You found it on level 4 of the Dungeon)

   It affects your intelligence (+3).
 o - a +1 pair of gloves (worn)
 s - a +1 cloak (worn)
 t - a +0 pair of boots (worn)
Rods
 r - a +0 rod of the swarm (10/10)
   (You found it on level 4 of the Dungeon)
Jewellery
 m - a +1 ring of dexterity (left hand)
 v - an uncursed ring of protection from fire {unknown}
Scrolls
 c - a scroll of remove curse
 g - a scroll of enchant armour {unknown}
 i - a scroll of magic mapping {unknown}
 j - 3 scrolls of fog
 l - a scroll of amnesia {unknown}
 n - a scroll of fear {unknown}
 q - 2 scrolls of teleportation {unknown}
 u - 2 scrolls of immolation {unknown}
 w - a scroll of random uselessness {unknown}
 x - a scroll of noise {unknown}
Potions
 e - 19 potions of blood {@*1}
 h - a potion of restore abilities {unknown}
 k - a potion of poison {unknown}
 p - a potion of flight {unknown}
Books
 d - a book of Callings

   Spells                             Type                      Level
   *Summon Small Mammal               Summoning                    1
   *Call Imp                          Summoning                    2
   *Call Canine Familiar              Summoning                    3
   Summon Guardian Golem              Hexes/Summoning              4
   Summon Lightning Spire             Summoning/Air                4
   *Summon Ice Beast                  Ice/Summoning                4


   Skills:
 - Level 3.8 Fighting
 - Level 0.4 Staves
 - Level 5.0 Armour
 - Level 2.1 Dodging
 - Level 3.0 Stealth
 - Level 2.0 Spellcasting
 + Level 6.7 Summonings
 * Level 2.0 Ice Magic


You had one spell level left.
You knew the following spells:

 Your Spells              Type           Power        Failure   Level  Hunger
a - Summon Small Mammal   Summ           ####         1%          1    #......
d - Call Canine Familiar  Summ           ####....     2%          3    ###....
i - Summon Ice Beast      Ice/Summ       ###.....     28%         4    #####..
s - Call Imp              Summ           ####....     1%          2    ##.....


Dungeon Overview and Level Annotations

Branches:
Dungeon (6/15)             Temple (1/1) D:5

Altars:
Ashenzari
Cheibriados
Elyvilon
Fedhas
Gozag
Kikubaaqudgha
Makhleb
Nemelex Xobeh
Okawaru
Qazlal
Ru
Sif Muna
Trog
Vehumet
Xom
Yredelemnul
Zin
The Shining One


Innate Abilities, Weirdness & Mutations

Your natural rate of healing is extremely fast.
You can bottle blood from corpses.
You have razor-sharp teeth.
You have supernaturally acute eyesight.
You can survive without breathing.


Message History

The troll convulses in agony!
The troll bites your shadow imp!
Your shadow imp dies!
Unknown command.
Your hound disappears in a puff of smoke!
The troll closely misses your iron imp. The troll claws your iron imp.
The troll barely misses your iron imp.
Casting: Call Imp
Confirm with . or Enter, or press ? or * to list all spells.
The troll bites your iron imp! The troll closely misses your iron imp.
The troll claws your iron imp.
Your iron imp dies!
You hit the troll. You freeze the troll.
The troll is almost dead.
The troll bites you.
* * * LOW HITPOINT WARNING * * *
The troll claws you!
* * * LOW HITPOINT WARNING * * *
The troll claws you!
You die...

##.. ..#.#.......#
..#.##.##........##"#
..##................#
..............>.##..#
................#.... ...
.........##..%.##..# ....
...)†...........#..# ...#
....)....#.........###...#
....)#..##.)#.5.@.h......#
#.......###.##...T....#..
#.......# #..##.......#
#..###..# ##......##..# ##.#
#..###......####.#
##.###............# #h####..##
..............###.###.........
.............# ##.#......#..#
##........##. ##...#..##


You could see a troll, a friendly hound and a friendly crimson imp.

Vanquished Creatures
  Grinder (D:4)
  A big kobold (Sewer)
  A giant frog (D:6)
  3 orc priests
  5 orc wizards
  2 iguanas (D:4)
  5 worker ants
  2 gnolls (D:5)
  9 adders
  2 river rats (Sewer)
  2 worms
  An adder zombie (D:4)
  5 giant geckos
  2 oozes
  15 orcs
  5 giant cockroaches
  9 goblins
  8 hobgoblins
  10 jackals
  13 kobolds
  2 quokkas
  A ball python (D:2)
  10 bats
  5 giant newts
  19 rats
138 creatures vanquished.

Vanquished Creatures (collateral kills)
  A phantom (D:4)
  A necrophage (D:4)
  A crimson imp (D:5)
  Crazy Yiuf (D:4)
  A worker ant (D:6)
  A centaur skeleton (D:4)
  2 gnolls (D:5)
  An adder (D:4)
  2 giant geckos
  5 orcs (D:3)
  2 bats
  A giant cockroach (D:3)
  A hobgoblin (D:1)
  4 jackals
  A ball python (D:1)
  A giant newt (D:1)
  A kobold (D:3)
  A rat (D:5)
28 creatures vanquished.

Vanquished Creatures (others)
  A phantom (D:4)
  A crimson imp (D:6)
  An iron imp (D:6)
  2 hounds
  2 shadow imps
  A quokka (D:1)
  A quokka skeleton (D:4)
  A rat (D:5)
10 creatures vanquished.

Grand Total: 176 creatures vanquished

Notes
Turn   | Place    | Note
--------------------------------------------------------------
     0 | D:1      | PolkaDot, the Vampire Summoner, began the quest for the Orb.
     0 | D:1      | Reached XP level 1. HP: 13/13 MP: 3/3
    72 | D:1      | Reached skill level 1 in Fighting
   169 | D:1      | Reached XP level 2. HP: 21/21 MP: 1/4
   625 | D:1      | Reached XP level 3. HP: 22/27 MP: 6/6
   629 | D:1      | Learned a level 2 spell: Call Imp
   633 | D:1      | Learned a level 3 spell: Call Canine Familiar
   907 | D:2      | Reached XP level 4. HP: 19/34 MP: 7/7
   910 | D:2      | Found a sacrificial altar of Ru.
  1690 | D:3      | Reached XP level 5. HP: 31/41 MP: 1/9
  2457 | D:4      | Got an ancient robe
  2468 | D:4      | Identified the +2 robe of Valour {Int+3} (You found it on level 4 of the Dungeon)
  2509 | D:4      | Reached skill level 1 in Armour
  2509 | D:4      | Reached skill level 5 in Summonings
  2642 | D:4      | Found a glowing drain.
  2649 | Sewer    | Entered a sewer
  2744 | Sewer    | Reached XP level 6. HP: 36/47 MP: 10/10
  2771 | Sewer    | Found a white marble altar of Elyvilon.
  2974 | D:4      | Noticed a phantom
  3009 | D:4      | Noticed Grinder
  3035 | D:4      | Noticed a phantom
  3039 | D:4      | Paralysed by Grinder for 6 turns
  3047 | D:4      | Killed Grinder
  3060 | D:4      | Killed a phantom
  3063 | D:4      | Killed a phantom
  3063 | D:4      | Reached XP level 7. HP: 33/52 MP: 7/12
  3081 | D:4      | Learned a level 4 spell: Summon Ice Beast
  3106 | D:4      | Noticed a necrophage
  3127 | D:4      | Killed a necrophage
  3772 | D:4      | Reached skill level 6 in Summonings
  3921 | D:4      | Noticed Crazy Yiuf
  3928 | D:4      | Killed Crazy Yiuf
  3939 | D:4      | Identified a cursed +0 rod of the swarm (10/10) (You found it on level 4 of the Dungeon)
  4082 | D:5      | Entered Level 5 of the Dungeon
  4411 | D:5      | Reached skill level 5 in Armour
  4800 | D:5      | Found a staircase to the Ecumenical Temple.
  4811 | Temple   | Entered the Ecumenical Temple
  4926 | Temple   | Became a worshipper of Sif Muna the Loreminder
  5192 | D:5      | Reached XP level 8. HP: 60/60 MP: 13/13
  5245 | D:6      | Reached skill level 1 in Ice Magic
  5469 | D:6      | Noticed a troll
  5518 | D:6      | Mangled by a troll

Action                   |  1- 3 |  4- 6 |  7- 9 || total
-------------------------+-------+-------+-------++-------
Melee: Unarmed           |    37 |       |       ||    37
       Dagger            |    82 |   219 |   220 ||   521
       Quarterstaff      |       |       |     3 ||     3
 Cast: Summon Small Mamm |    11 |       |     1 ||    12
       Call Imp          |       |     5 |    14 ||    19
       Call Canine Famil |       |     3 |     8 ||    11
  Use: Potion            |     6 |    15 |    21 ||    42
       Scroll            |       |     3 |     1 ||     4
 Stab: Distracted        |     2 |     1 |     1 ||     4
       Sleeping          |     5 |     4 |     5 ||    14
  Eat: Corpse            |     6 |       |       ||     6
